 Dungeon Crawl Stone Soup version 0.23-a0-667-gc184e93 (webtiles) character file.

620 Blackhawk the Ruffian (level 7, 0/70 HPs)
             Began as a Troll Monk on Jan 8, 2019.
             Was a Believer of Makhleb.
             Killed by divine providence
             ... invoked by an orc priest
              (11 damage)
             ... on level 6 of the Dungeon.
             The game lasted 00:06:11 (3353 turns).

Blackhawk the Ruffian (Troll Monk)                  Turns: 3353, Time: 00:06:12

Health: 0/70       AC:  6    Str: 20    XL:     7   Next: 22%
Magic:  6/6        EV: 13    Int:  6    God:    Makhleb [**....]
Gold:   255        SH:  3    Dex: 22    Spells: 6/6 levels left

rFire    . . .     SeeInvis .     - Unarmed
rCold    . . .     Gourm    +   (no shield)
rNeg     . . .     Faith    .   a - +0 robe
rPois    .         Spirit   .   (helmet restricted)
rElec    .         Reflect  +   y - +0 cloak
rCorr    .         Harm     .   (gloves unavailable)
MR       .....                  (boots unavailable)
Stlth    ++........             n - +3 amulet of reflection
HPRegen  0.61/turn              x - +4 ring of dexterity
MPRegen  0.10/turn              t - +4 ring of dexterity

@: lethally poisoned (0 -> 0)
A: large, unfitting armour, claws 3, fast metabolism 3, gourmand, regeneration
1, shaggy fur 1, tough skin 2
a: Minor Destruction, Renounce Religion


You were on level 6 of the Dungeon.
You worshipped Makhleb.
Makhleb was pleased with you.
You were full.

You visited 2 branches of the dungeon, and saw 7 of its levels.

You collected 255 gold pieces.

Inventory:

Hand Weapons
 l - a +2 vampiric dagger
Armour
 a - a +0 robe (worn)
 y - a +0 cloak (worn)
Jewellery
 j - an uncursed amulet of regeneration
 k - an uncursed ring of fire {unknown}
 n - a +3 amulet of reflection (around neck)
 r - an uncursed ring of positive energy
 t - a +4 ring of dexterity (right claw)
 x - a +4 ring of dexterity (left claw)
Wands
 o - a wand of clouds (5)
Scrolls
 g - 3 scrolls of remove curse
 h - 3 scrolls of fear {unknown}
 i - a scroll of fog {unknown}
 m - 3 scrolls of identify {unknown}
 q - 3 scrolls of random uselessness {unknown}
 s - a scroll of immolation {unknown}
 u - 2 scrolls of teleportation {unknown}
 v - a scroll of blinking {unknown}
 w - a scroll of enchant armour {unknown}
 A - a scroll of amnesia {unknown}
Potions
 c - 2 potions of degeneration {unknown}
 d - 7 potions of curing {unknown}
 e - 2 potions of resistance {unknown}
 f - a potion of flight {unknown}
 p - a potion of heal wounds {unknown}
 z - a potion of agility {unknown}
Comestibles
 b - 14 rations


   Skills:
 + Level 4.0 Fighting
 + Level 2.7 Armour
 + Level 4.0 Dodging
 - Level 1.2 Stealth
 * Level 4.9 Unarmed Combat


You had 6 spell levels left.
You didn't know any spells.
Your spell library was empty.

Dungeon Overview and Level Annotations

Branches:
Dungeon (6/15)             Temple (1/1) D:5

Altars:
Ashenzari
Cheibriados
Elyvilon
Fedhas
Gozag
Kikubaaqudgha
Makhleb
Nemelex Xobeh
Okawaru
Sif Muna
Uskayaw
Vehumet
Xom
Zin


Innate Abilities, Weirdness & Mutations

You are too large for most types of armour.
You have claws for hands.
Your metabolism is lightning-fast.
You like to eat raw meat.
Your natural rate of healing is unusually fast.
You are covered in fur. (AC +1)
You have very tough skin. (AC +2)


Message History

You feel sick. The adder barely misses you.
The orc wizard gestures wildly while chanting.
The orc wizard blinks!
The orc priest calls down the wrath of Beogh upon you.
Beogh smites you!
The orc wizard hits you but does no damage.
You scratch the orc wizard but do no damage.
The adder bites you. You block the orc wizard's attack.
The orc priest mumbles some strange prayers to Beogh against you.
Beogh smites you!
* * * LOW HITPOINT WARNING * * *
You closely miss the orc wizard.
You feel sick.
The orc wizard casts a spell.
The orc wizard blinks!
The adder bites you.
* * * LOW HITPOINT WARNING * * *
You are more poisoned.
The adder poisons you!
The orc priest invokes the aid of Beogh against you.
Beogh smites you!
You die...

#.##.##.#
##....)o§...# # #.##.#
##s##.#...... #.##.#
#o##.o.#.##. # #.##.#
#.###### # #. #.##.#
##o## #.##.##.#
##...##
#.......###.....##
###..#####...S...##
####...####....@....#
...........'.).......+
#####...####.o.......#
##..# ##.......## #.#.
##÷....## .###.
##...## ## ## ##'##
#.# ######## #.#


You could see a scorpion, 2 orc priests, an orc wizard and an adder.

Vanquished Creatures
  A sky beast (D:5)
  A black bear (D:6)
  A phantom (D:4)
  A howler monkey (D:4)
  3 orc wizards
  2 worker ants (D:4)
  10 adders
  An ooze (D:2)
  An adder skeleton (D:2)
  3 worms
  A dart slug (D:2)
  2 leopard geckos
  5 orcs
  9 bats
  4 giant cockroaches
  6 hobgoblins
  5 jackals (D:2)
  2 quokkas
  8 frilled lizards
  7 goblins
  A jackal skeleton (D:6)
  8 kobolds
  A leopard gecko zombie (D:5)
  4 rats
87 creatures vanquished.

Notes
Turn   | Place    | Note
-------+----------+-------------------------------------------
     0 | D:1      | Blackhawk the Troll Monk began the quest for the Orb.
     0 | D:1      | Reached XP level 1. HP: 22/22 MP: 0/0
   201 | D:1      | Reached XP level 2. HP: 26/29 MP: 1/1
   924 | D:2      | Reached XP level 3. HP: 36/36 MP: 2/2
  1102 | D:2      | Reached XP level 4. HP: 42/45 MP: 3/3
  1169 | D:2      | Found a deep blue altar of Sif Muna.
  1413 | D:3      | Reached skill level 1 in Armour
  1669 | D:3      | Reached XP level 5. HP: 47/53 MP: 4/4
  2132 | D:4      | Reached XP level 6. HP: 61/61 MP: 5/5
  2491 | D:5      | Entered Level 5 of the Dungeon
  2692 | D:5      | Found a staircase to the Ecumenical Temple.
  2747 | Temple   | Entered the Ecumenical Temple
  2771 | Temple   | Became a worshipper of Makhleb the Destroyer
  2771 | Temple   | Reached * piety under Makhleb
  2771 | Temple   | Reached ** piety under Makhleb
  2814 | D:5      | Noticed a sky beast
  2826 | D:5      | Killed a sky beast
  2826 | D:5      | Reached XP level 7. HP: 68/68 MP: 6/6
  3353 | D:6      | Killed from afar by an orc priest

Vault maps used:
D:1:      kilobyte_arrival_exit_the_forest
D:2:      cheibrodos_old_hovel, led_sif_pool, minmay_pentomino_w2
D:3:      minmay_inner_zag
D:5:      minmay_temple_entry_large_hall, first_ration,
          roderic_cross_of_infinity
D:6:      hangedman_ru_absence
Temple:   nicolae_temple_the_god_donut

Skill      XL: |  1  2  3  4  5  6  7 |
---------------+----------------------+-----
Fighting       | 3 4 |  4.0
Dodging        | 3 4 |  4.0
Armour         | 1 2 |  2.7
Unarmed Combat | 4 |  4.9
Stealth        | |  1.2

Action                   |  1- 3 |  4- 6 |  7- 9 || total
-------------------------+-------+-------+-------++-------
Melee: Unarmed           |   103 |   139 |    18 ||   260
       Punch             |       |     4 |       ||     4
  Use: Scroll            |       |     1 |       ||     1
 Stab: Sleeping          |     5 |     2 |     1 ||     8
  Eat: Chunk             |    16 |    15 |     2 ||    33
Armor: Robe              |    39 |    30 |    11 ||    80
Dodge: Dodged            |    74 |    58 |    12 ||   144
Block: Other             |       |     1 |     4 ||     5

Table legend:
 A = Non-vault XP
 B = Vault XP
 C = Vault XP percentage of total XP
 D = Non-vault monster count
 E = Vault monster count
 F = Vault count percentage of total count
                 A         B        C        D         E       F
            +---------+---------+-------+---------+---------+-------
      Total |     841 |      45 |   5.1 |      80 |       7 |   8.0
            +---------+---------+-------+---------+---------+-------
        D:1 |      32 |       0 |   0.0 |      20 |       0 |   0.0
        D:2 |      77 |       2 |   2.5 |      25 |       1 |   3.8
        D:3 |      69 |      43 |  38.4 |      13 |       6 |  31.6
        D:4 |     337 |       0 |   0.0 |      12 |       0 |   0.0
        D:5 |     194 |       0 |   0.0 |       7 |       0 |   0.0
        D:6 |     132 |       0 |   0.0 |       3 |       0 |   0.0
            +---------+---------+-------+---------+---------+-------
